Map: Nightscape LE

Players

red - Winner!

  • Race: Terran Terran
  • League: Diamond
  • Spawn Location: 7:00

Зорк - Winner!

  • Race: Zerg Zerg
  • League: Diamond
  • Spawn Location: 7:00

qqq

  • Race: Zerg Zerg
  • League: Platinum
  • Spawn Location: 1:00

Massa

  • Race: Terran Terran
  • League: Platinum
  • Spawn Location: 1:00

VOD

Have the link to the VOD?

Description

Time

  • Played on: Nov. 29, 2020, 4:48 a.m.
  • Length: 4:39
Show
View Real Time Build Order
Export as new Build Order

red Terran - Winner!

Build Orders: 2 Factory, Hellion Opening 

Get SALT Encoding   

  12  0:00  SCV  
  13  0:12  SCV  
  14  0:17  Supply Depot  
  14  0:25  SCV  
  14  0:27  Refinery  
  15  0:39  SCV  
  16  0:46  Barracks  
  16  0:51  SCV  
  16  0:56  Refinery  
  17  1:03  SCV  
  18  1:17  SCV  
  18  1:30  SCV  
  19  1:46  Barracks Tech Lab  
  19  1:47  Factory  
  19  1:48  Orbital Command  
  19  1:57  Supply Depot  
  19  2:13  Factory  
  19  2:15  Barracks Reactor  
  19  2:16  SCV  
  20  2:43  Infernal Pre-Igniter  
  20  2:45  Hellion  
  20  2:49  Supply Depot  
  20  2:51  SCV  
  23  3:03  SCV, Hellion x2  
  28  3:10  Barracks Tech Lab  
  28  3:11  Hellion  
  30  3:26  Hellion  
  32  3:28  Hellion  
  32  3:32  Supply Depot  
  34  3:35  Hellion  
  36  3:52  Hellion  
  36  3:53  Hellion  
  40  4:32  Command Center  
Show
View Real Time Build Order
Export as new Build Order

Зорк Zerg - Winner!

Build Orders: Hatch First 

Get SALT Encoding   

  12  0:00  Drone  
  13  0:10  Drone  
  14  0:34  Hatchery  
  13  0:37  Drone  
  14  0:45  Overlord  
  14  0:51  Extractor, Drone  
  14  1:07  Spawning Pool  
  14  1:11  Drone  
  14  1:17  Drone  
  15  1:33  Drone x3  
  18  1:53  Metabolic Boost  
  18  1:55  Queen  
  20  2:02  Queen  
  20  2:06  Zergling x2  
  23  2:18  Zergling x4, Overlord  
  25  2:23  Zergling x2  
  25  2:29  Drone x2  
  28  2:41  Zergling x8  
  32  2:54  Overlord  
  33  2:58  Zergling x2  
  33  3:04  Zergling x4  
  35  3:19  Zergling x16  
  43  3:33  Zergling x2  
  44  3:53  Overlord  
  44  3:55  Overlord  
  43  4:11  Zergling x18  
Show
View Real Time Build Order
Export as new Build Order

qqq Zerg 

Build Orders: Hatch First 

Get SALT Encoding   

  12  0:01  Drone  
  13  0:12  Drone  
  14  0:22  Overlord  
  14  0:48  Hatchery  
  13  0:52  Drone x2  
  15  0:57  Drone  
  16  1:10  Drone  
  17  1:23  Spawning Pool  
  16  1:51  Drone x3  
  19  2:04  Drone  
  19  2:07  Extractor  
  19  2:10  Queen  
  19  2:11  Queen  
  19  2:12  Drone x2  
  25  2:30  Drone, Overlord  
  25  2:32  Drone  
  27  2:48  Overlord  
  27  2:50  Drone x2  
  29  3:01  Zergling x2  
  29  3:02  Zergling x2  
  31  3:07  Drone  
  31  3:08  Zergling x2  
  33  3:13  Metabolic Boost  
  33  3:16  Zergling x2  
  33  3:18  Drone  
  33  3:19  Zergling x2  
  36  3:27  Hatchery  
  36  3:28  Zergling x2  
  36  3:34  Zergling x4  
  36  3:36  Zergling x2  
  36  3:38  Zergling x2  
  40  3:44  Overlord  
  40  3:47  Zergling x2  
  41  3:54  Zergling x6  
  44  4:01  Hatchery  
  44  4:02  Zergling x2  
  43  4:16  Zergling x6  
  31  4:17  Zergling x6  
Show
View Real Time Build Order
Export as new Build Order

Massa Terran 

Build Orders: Reaper Expand 

Get SALT Encoding   

  12  0:00  SCV  
  13  0:12  SCV  
  14  0:22  Supply Depot  
  14  0:24  SCV  
  15  0:43  SCV  
  15  0:46  Barracks  
  16  0:55  SCV  
  17  1:06  Refinery  
  17  1:08  SCV  
  19  1:36  Orbital Command  
  19  1:39  Command Center  
  18  1:41  Marine  
  19  2:02  SCV  
  19  2:06  Reaper  
  21  2:19  Refinery  
  21  2:20  Supply Depot  
  21  2:22  SCV  
  22  2:30  Factory  
  22  2:34  SCV  
  23  2:46  SCV  
  24  2:53  Orbital Command  
  24  2:57  Barracks Reactor  
  24  2:58  SCV  
  25  3:11  SCV  
  26  3:19  Command Center  
  26  3:23  SCV x2  
  26  3:26  Factory Tech Lab  
  28  3:35  SCV x2  
  28  3:40  Marine x2  
  32  3:47  SCV, Siege Tank  
  35  3:56  SCV  
  35  3:57  Marine  
  35  3:58  Marine  
  35  3:59  SCV  
  39  4:06  Bunker  
  39  4:08  SCV  
  39  4:09  Supply Depot  
  39  4:11  SCV  
  39  4:15  Marine  
Tags
 
Add a new tag
Caveats
  • Supply blocks, unpowered buildings, or Contaminate may cause inaccurate times.
  • Supply counts are checked every 10 seconds.